 Dungeon Crawl Stone Soup version 0.20-a0-618-gbb8d3ca (webtiles) character file.

2900 Kiturien the Cleaver (level 9, 0/75 HPs)
             Began as a Hill Orc Fighter on Feb 9, 2017.
             Was an Initiate of Qazlal.
             Slain by a mummy (12 damage)
             ... in an ossuary.
             The game lasted 00:16:26 (8049 turns).

Kiturien the Cleaver (Hill Orc Fighter)             Turns: 8049, Time: 00:16:27

Health: 0/75       AC:  7    Str: 22    XL:     9   Next: 78%
Magic:  8/8        EV:  8    Int:  8    God:    Qazlal [......]
Gold:   255        SH: 13    Dex: 10    Spells: 8/8 levels left

rFire    + + .     SeeInvis .   a - +0 war axe
rCold    x . .     Gourm    .   s - +1 chain mail {rF+}
rNeg     . . .     Faith    .   c - +2 shield
rPois    +         Spirit   .   (helmet restricted)
rElec    .         Reflect  .   (no cloak)
rCorr    .         Harm     .   (no gloves)
MR       .....                  (no boots)
Stlth    ..........             (no amulet)
Regen    0.3/turn               o - ring of fire
                                q - ring of poison resistance

@: no status effects
A: antennae 1, blurry vision 1, deformed body, low mp 1
a: Renounce Religion


You were in an ossuary.
You worshipped Qazlal.
Qazlal was noncommittal.
You were very hungry.

You visited 2 branches of the dungeon, and saw 8 of its levels.
You also visited: Ossuary.

You collected 255 gold pieces.

Inventory:

Hand Weapons
 a - a +0 war axe (weapon)
 b - a +0 scythe of slicing
Armour
 c - a +2 shield (worn)
 n - a +0 helmet
 s - a +1 chain mail of fire resistance (worn)
Jewellery
 o - a ring of fire (right hand)
 q - a ring of poison resistance (left hand)
Scrolls
 e - 2 scrolls of remove curse
 g - a scroll of fear
 h - a scroll of teleportation
 r - 2 scrolls of recharging
Potions
 d - a potion of might
 m - a potion of lignification {unknown}
 t - a potion of cancellation
Books
 j - a book of Cantrips

   Spells                             Type                      Level
   a - Confusing Touch                Hexes                        1
   b - Animate Skeleton               Necromancy                   1
   c - Summon Small Mammal            Summoning                    1
   d - Apportation                    Translocation                1
 u - a book of Misfortune

   Spells                             Type                      Level
   a - Confusing Touch                Hexes                        1
   b - Confuse                        Hexes                        3
   c - Gell's Gravitas                Hexes/Translocation          3
   d - Petrify                        Transmutation/Earth          4
   e - Metabolic Englaciation         Hexes/Ice                    5
   f - Yara's Violent Unravelling     Hexes/Transmutation          5
Comestibles
 f - 8 bread rations
 i - 7 meat rations
 k - 4 fruits
 l - 2 royal jellies


   Skills:
 + Level 6.0 Fighting
 + Level 8.9 Axes
 * Level 7.9 Armour
 * Level 4.0 Dodging
 * Level 8.2 Shields


You had 8 spell levels left.
You didn't know any spells.

Dungeon Overview and Level Annotations

Branches:
Dungeon (7/15)             Temple (1/1) D:5

Altars:
Ashenzari
Cheibriados
Elyvilon
Fedhas
Gozag
Hepliaklqana
Kikubaaqudgha
Makhleb
Nemelex Xobeh
Qazlal
Ru
Sif Muna
Uskayaw
Vehumet
Yredelemnul
Zin
The Shining One

Shops:
D:6 *


Innate Abilities, Weirdness & Mutations

You have a pair of small antennae on your head.
Scrolls take you a little longer to read.
Armour fits poorly on your strangely shaped body.
Your magical capacity is low. (-10% MP)


Message History

The mummy is moderately damaged.
You hit the mummy.
The mummy is heavily damaged.
The mummy hits you!
* * * LOW HITPOINT WARNING * * *
You hit the mummy.
The mummy is severely damaged.
The mummy hits you!
* * * LOW HITPOINT WARNING * * *
You hit the mummy.
The mummy is almost destroyed.
Your chain mail prevents you from hitting the mummy.
The mummy is almost destroyed.
Your shield and chain mail prevent you from hitting the mummy.
The mummy closely misses you.
You slash the mummy!
You destroy the mummy!
Qazlal accepts your kill.
You barely miss the mummy. The mummy hits you!
You die...

.# .. #### ...
... ##..## ....
...##....##....
...............
...............
.....M.@M.....#
+##........##+#
##......##
##....## #....#
#....# #....#
#....# #....#


You could see 2 mummies.

Vanquished Creatures
  Pikel (D:6)
  The ghost of mora the Destroyer, a novice DgCj (D:5)
  Sigmund (D:3)
  A steam dragon (D:7)
  2 sky beasts
  A necrophage (D:5)
  A phantom (D:5)
  A slave (D:6)
  2 centaurs
  2 ogres
  A bullfrog (D:6)
  A scorpion (D:5)
  A howler monkey (D:4)
  2 bullfrog zombies
  3 crimson imps
  A quasit (D:6)
  A hound (D:6)
  An orc wizard (D:7)
  3 orc priests
  A gnoll shaman (D:4)
  Ijyb (D:3)
  Terence (D:3)
  An iguana (D:7)
  Natasha (twice) (D:3)
  4 worker ants
  4 mummies (Ossuary)
  Robin (D:2)
  9 adders
  17 gnolls
  A shadow imp (D:5)
  2 adder skeletons
  6 worms
  6 leopard geckos
  15 orcs
  8 giant cockroaches
  13 goblins
  14 hobgoblins
  11 jackals
  7 kobolds
  2 quokkas
  2 ball pythons (D:4)
  7 bats
  6 frilled lizards
  A hobgoblin zombie (Ossuary)
  4 kobold zombies (Ossuary)
  3 orc zombies (Ossuary)
  4 rats
180 creatures vanquished.

Notes
Turn   | Place    | Note
-------+----------+-------------------------------------------
     0 | D:1      | Kiturien the Hill Orc Fighter began the quest for the Orb.
     0 | D:1      | Reached XP level 1. HP: 19/19 MP: 1/1
   220 | D:1      | Reached XP level 2. HP: 27/27 MP: 2/2
   653 | D:2      | Noticed Robin
   659 | D:2      | Reached XP level 3. HP: 27/33 MP: 3/3
   679 | D:2      | Killed Robin
   989 | D:2      | Reached XP level 4. HP: 39/40 MP: 4/4
  1404 | D:2      | Reached skill level 1 in Dodging
  1848 | D:2      | Reached XP level 5. HP: 32/46 MP: 5/5
  2481 | D:3      | Noticed Sigmund
  2492 | D:3      | Killed Sigmund
  2492 | D:3      | Reached skill level 5 in Axes
  2492 | D:3      | Reached skill level 5 in Shields
  2492 | D:3      | Reached XP level 6. HP: 23/52 MP: 6/6
  2648 | D:3      | Noticed Ijyb
  2672 | D:3      | Killed Ijyb
  2863 | D:3      | Noticed Natasha
  2868 | D:3      | Killed Natasha
  2879 | D:3      | Noticed Terence
  2889 | D:3      | Killed Terence
  3006 | D:3      | Reached XP level 7. HP: 59/59 MP: 7/7
  3136 | D:3      | Noticed Natasha
  3155 | D:3      | Killed Natasha
  3379 | D:3      | Gained mutation: Armour fits poorly on your strangely shaped body. [potion of mutation]
  3379 | D:3      | Gained mutation: Scrolls take you a little longer to read. [potion of mutation]
  3379 | D:3      | Gained mutation: Your magical capacity is low. (-10% MP) [potion of mutation]
  4497 | D:4      | Found a glowing golden altar of the Shining One.
  4822 | D:5      | Entered Level 5 of the Dungeon
  4837 | D:5      | Noticed mora's ghost (novice DgCj)
  4871 | D:5      | Killed mora's ghost
  4871 | D:5      | Reached skill level 5 in Armour
  4871 | D:5      | Reached XP level 8. HP: 13/67 MP: 7/7
  5169 | D:5      | Found a hazy altar of Hepliaklqana.
  5228 | D:5      | Reached skill level 5 in Fighting
  5657 | D:5      | HP: 3/68 [adder (4)]
  6024 | D:4      | Gained mutation: You have a pair of small antennae on your head. [mutagenic meat]
  6133 | D:5      | Found a staircase to the Ecumenical Temple.
  6165 | Temple   | Entered the Ecumenical Temple
  6178 | Temple   | Became a worshipper of Qazlal Stormbringer
  6522 | D:5      | Reached XP level 9. HP: 44/74 MP: 8/8
  7150 | D:6      | Found Fukicom's Assorted Antiques.
  7259 | D:6      | Noticed Pikel
  7277 | D:6      | Killed Pikel
  8015 | D:7      | Found a sand-covered staircase.
  8020 | Ossuary  | Entered an ossuary
  8049 | Ossuary  | Slain by a mummy

Vault maps used:
D:1:      dpeg_arrival_stone_temple_mockup
D:2:      grunt_ministairs_11, minivault_27, uniq_robin
D:3:      kennysheep_big_flooded_room, uniq_natasha, uniq_sigmund, uniq_terence,
          uniq_iyjb
D:4:      hangedman_decor_peaks_small, minivault_5,
          nicolae_tso_swordbearing_angel
D:5:      nicolae_overflow_hidden_temple, minmay_temple_entry_overgrown,
          first_bread, minmay_misc_feat_cross
D:6:      serial_shops, shop_fountains, uniq_pikel
D:7:      okawaru_humans, bloody_trog, nicolae_dithmenos_the_darkroom,
          lemuel_doored_altar, enter_ossuary_2, the_bakery
Temple:   lightli_temple_of_artemis
Ossuary:  ossuary_tomb_3

Skill      XL: |  1  2  3  4  5  6  7  8  9 |
---------------+----------------------------+-----
Shields        | 4 5 6 7 8 |  8.2
Axes           | 3 4 5 6 7 8 |  8.9
Dodging        | 1 2 3 4 |  4.0
Armour         | 4 5 6 7 |  7.9
Fighting       | 4 5 6 |  6.0

Action                   |  1- 3 |  4- 6 |  7- 9 || total
-------------------------+-------+-------+-------++-------
Melee: War axe           |    98 |   182 |   507 ||   787
  Use: Scroll            |       |       |    15 ||    15
       Potion            |       |       |     7 ||     7
  Eat: Chunk             |       |     3 |    12 ||    15
       Bread ration      |       |     1 |     1 ||     2
Armor: Scale mail        |    55 |    50 |       ||   105
       Chain mail        |       |    36 |   185 ||   221
Dodge: Dodged            |    32 |    54 |   121 ||   207
Block: Shield            |    70 |    94 |   312 ||   476
